 Dungeon Crawl Stone Soup version 0.19-a0-1875-g4fea3da (webtiles) character file.

53 vev the Magician (level 3, -4/26 HPs)
             Began as a Draconian Wizard on Oct 13, 2016.
             Slain by Crazy Yiuf
             ... wielding a +2 quarterstaff of chaos
              (15 damage)
             ... on level 2 of the Dungeon.
             The game lasted 00:04:11 (2672 turns).

vev the Magician (Draconian Wizard)                 Turns: 2672, Time: 00:04:12

Health: -4/26      AC: 11    Str:  9    XL:     3   Next: 62%
Magic:  3/7        EV: 12    Int: 19    God:
Gold:   116        SH:  0    Dex:  9    Spells: 3 memorised, 2 levels left

rFire  . . .     SeeInvis .     p - +1 dagger (venom)
rCold  . . .     Gourm    .     (armour unavailable)
rNeg   . . .     Faith    .     (no shield)
rPois  .         Spirit   .     a - +0 hat
rElec  .         Dismiss  .     q - +2 cloak {MR+}
rCorr  .         Reflect  .     s - +2 pair of gloves
MR     +....     Harm     .     (no boots)
Stlth  ++........               (no amulet)
                                (no ring)
                                (no ring)

@: no status effects
A: unfitting armour, cold-blooded, AC +5
a: no special abilities


You were on level 2 of the Dungeon.
You were hungry.

You visited 1 branch of the dungeon, and saw 2 of its levels.

You collected 116 gold pieces.

Inventory:

Hand Weapons
 p - a +1 dagger of venom (weapon)
Armour
 a - a +0 hat (worn)
 q - a +2 cloak of magic resistance (worn)
 s - a +2 pair of gloves (worn)
Jewellery
 o - an uncursed amulet of dismissal {unknown}
Scrolls
 d - 2 scrolls of identify {unknown}
 e - 2 scrolls of magic mapping {unknown}
 i - a scroll of noise {unknown}
 l - a scroll of amnesia {unknown}
 t - 2 scrolls of remove curse {unknown}
Potions
 j - 2 potions of curing {unknown}
 m - a potion of flight {unknown}
 n - a potion of cure mutation {unknown}
 r - 2 potions of brilliance {unknown}
Books
 b - a book of Minor Magic

   Spells                             Type                      Level
   a - Magic Dart                     Conjuration                  1
   b - Blink                          Translocation                2
   c - Call Imp                       Summoning                    2
   d - Repel Missiles                 Charms/Air                   2
   e - Slow                           Hexes                        2
   f - Conjure Flame                  Conjuration/Fire             3
   g - Mephitic Cloud                 Conjuration/Poison/Air       3
Comestibles
 c - 2 bread rations
 g - a beef jerky
 h - a meat ration
 k - 8 fruits


   Skills:
 + Level 2.5 Dodging
 + Level 2.2 Stealth
 + Level 3.3 Spellcasting
 + Level 2.0 Conjurations
   Level 1.0 Summonings
 - Level 1.0 Translocations


You had 2 spell levels left.
You knew the following spells:

 Your Spells              Type           Power        Failure   Level  Hunger
a - Magic Dart            Conj           ##..         10%         1    None
b - Blink                 Tloc           N/A          17%         2    ##.....
f - Mephitic Cloud        Conj/Pois/Air  #.......     34%         3    ###....


Dungeon Overview and Level Annotations

Branches:
Dungeon (2/15)

Altars:

Annotations:
D:2 Crazy Yiuf


Innate Abilities, Weirdness & Mutations

Your plain brown scales are hard. (AC +5)
You cannot fit into any form of body armour.
You are cold-blooded and may be slowed by cold attacks.


Message History

You are feeling hungry.
Crazy Yiuf counts something out on his fingers.
There is a stone staircase leading up here.
Crazy Yiuf hits you with a quarterstaff of chaos.
You feel your power leaking away.
You hit Crazy Yiuf but do no damage.
Crazy Yiuf is lightly wounded.
You hit Crazy Yiuf but do no damage.
Crazy Yiuf is poisoned.
Crazy Yiuf is lightly wounded.
You hit Crazy Yiuf.
Crazy Yiuf looks as sick as possible!
You tail-slap Crazy Yiuf.
Crazy Yiuf is moderately wounded.
You hit Crazy Yiuf.
Crazy Yiuf looks as sick as possible!
Your tail-slap misses Crazy Yiuf.
Crazy Yiuf is heavily wounded.
Crazy Yiuf seems less confused.
Crazy Yiuf hits you with a quarterstaff of chaos!
You are electrocuted!
Ouch! That really hurt!
You die...

#.......g#####<.................
#........# #[.................
#........# #..[..##....>......
#........# #.....##....#......
##........# #.....##...........
.)...##...### ##....##........#..
.........)..# #<.................
............###g.................
...............<@................
.......##..####..#...............
.......##.....#..................
....#............................
..............#..................
..............#..................
...........##....................
...........#####..[...#.##.......
......................#.##.......


You could see Crazy Yiuf.

Vanquished Creatures
  An adder (D:2)
  3 dart slugs (D:1)
  A leopard gecko (D:2)
  A ball python (D:1)
  2 giant cockroaches
  5 goblins
  2 hobgoblins (D:1)
  7 kobolds
  A quokka (D:2)
  5 bats
  2 frilled lizards (D:1)
  5 rats
35 creatures vanquished.

Notes
Turn   | Place    | Note
-------+----------+-------------------------------------------
     0 | D:1      | vev the Draconian Wizard began the quest for the Orb.
     0 | D:1      | Reached XP level 1. HP: 14/14 MP: 4/4
   331 | D:1      | Reached skill level 2 in Dodging
   362 | D:1      | Reached XP level 2. HP: 20/20 MP: 1/6
  1464 | D:1      | Reached XP level 3. HP: 24/26 MP: 1/7
  1660 | D:2      | Reached skill level 2 in Stealth
  1764 | D:2      | Learned a level 3 spell: Mephitic Cloud
  1767 | D:2      | Learned a level 2 spell: Blink
  1820 | D:2      | Found a runed door.
  2023 | D:2      | Reached skill level 2 in Conjurations
  2578 | D:2      | Noticed Crazy Yiuf
  2672 | D:2      | Slain by Crazy Yiuf

Vault maps used:
D:1:      dpeg_arrival_arbitrary_c
D:2:      first_bread, minivault_25, uniq_crazy_yiuf_cottage

Skill      XL: |  1  2  3 |
---------------+----------+-----
Dodging        | 2 |  2.5
Stealth        | 2 |  2.2
Conjurations   | 2 |  2.0
Spellcasting   | |  3.3
Summonings     | |  1.0
Translocations | |  1.0

Action                   || total
-------------------------++-------
Melee: Unarmed           ||    20
       Tailslap          ||     4
       Dagger            ||    22
 Cast: Magic Dart        ||    74
       Mephitic Cloud    ||     1
       Blink             ||     1
 Stab: Sleeping          ||     1
  Eat: Chunk             ||     5
Armor: Skin              ||    18
Dodge: Dodged            ||    29
